 Dungeon Crawl Stone Soup version 0.28.0-47-ge53b351184 (webtiles) character file.

Game seed: 7058919605432460240

620105 safid the Wild Hill Orc (level 27, -21/269 HPs)
             Began as a Hill Orc Fighter on May 6, 2022.
             Was a High Priest of Trog.
             Demolished by an Orb Guardian (39 damage)
             ... while paralysed
             ... on level 5 of the Realm of Zot on May 8, 2022.
             The game lasted 03:53:42 (95645 turns).

safid the Wild Hill Orc (Hill Orc Fighter)         Turns: 95645, Time: 03:53:42

Health: -21/269    AC: 43    Str: 35      XL:     27
Magic:  32/32      EV:  2    Int:  0 (1)  God:    Trog [*****.]
Gold:   6538       SH:  0    Dex: 15      Spells: 26/26 levels left

rFire   + + .      SeeInvis +   j - +11 broad axe "Nuanierph" {vorpal, Will+ Dex+3}
rCold   + + +      Faith    +   R - +10 tower shield of Ignorance {rN+ Int-4}
rNeg    + + +      Spirit   .   Y - +5 gold dragon scales
rPois   +          Reflect  .   o - +2 hood of the Assassin {Detection Stab+ Stlth++}
rElec   +          Harm     .   C - +2 cloak of the Thief {*Fog Slay-2 SInv Stlth+}
rCorr   +          Rampage  .   E - +1 pair of gloves
Will    ++++.                   O - +1 pair of boots of Entitlement {Str+6 Int-5}
Stlth   ..........              n - amulet "Mazigyi" {Faith Fly rC++ rCorr Stlth-}
HPRegen 0.00/turn               Z - ring "Ehuziove" {rElec rF+ rN+ Str-4}
MPRegen 0.23/turn               N - ring of Nagga {rN+ Will+ Dex+4 Stlth+}

@: paralysed, marked, flying, inhibited regen, slowed, lost intelligence,
studying 2 skills, unable to read
A: antennae 1, hooves 1, clever 1, clumsy 1, deterioration 1, low MP 2,
inhibited regeneration, no potion heal 1
}: 4/15 runes: barnacled, slimy, silver, gossamer
a: Renounce Religion, Berserk, Trog's Hand, Brothers in Arms


You were on level 5 of the Realm of Zot.
You worshipped Trog.
Trog was extremely pleased with you.
You visited 12 branches of the dungeon, and saw 57 of its levels.
You visited 1 bazaar.
You also visited: Sewer and Gauntlet.

You collected 11278 gold pieces.
You spent 4740 gold pieces at shops.

Inventory:

Hand Weapons
 j - the +11 broad axe "Nuanierph" (weapon) {vorpal, Will+ Dex+3}
   (Trog gifted it to you on level 1 of the Elven Halls)

   It inflicts extra damage upon your enemies.
   Dex:       It affects your dexterity (+3).
   Will:      It increases your willpower.
 s - the +11 broad axe of Tuhowne {flame, rC+}
   (Trog gifted it to you on level 5 of the Vaults)

   It burns those it strikes, dealing additional fire damage.
   Big, fiery blades are also staple armaments of hydra-hunters.
   rC:        It protects you from cold.
Missiles
 a - 12 throwing nets (quivered)
 u - 7 curare-tipped darts
 Q - 14 silver javelins
Armour
 o - the +2 hood of the Assassin (worn) {Detection Stab+ Stlth++}
   (You found it on level 3 of the Depths)

   It allows the wearer to sense nearby creatures.
   It allows the wearer to make particularly effective stabbing attacks against
   helpless or unaware enemies with any weapon.
   Stlth:     It makes you much more stealthy.
 y - a +2 cloak of willpower
 C - the +2 cloak of the Thief (worn) {*Fog Slay-2 SInv Stlth+}
   (You found it on level 3 of the Depths)

   It may release a thick cloud of smoke when the wearer is hurt.
   Slay:      It affects your accuracy & damage with ranged weapons and melee
   (-2).
   SInv:      It lets you see invisible.
   Stlth:     It makes you more stealthy.
 E - a +1 pair of gloves (worn)
 O - the +1 pair of boots of Entitlement (worn) {Str+6 Int-5}
   (You acquired it in a bazaar)

   Str:       It affects your strength (+6).
   Int:       It affects your intelligence (-5).
 R - the +10 tower shield of Ignorance (worn) {rN+ Int-4}
   (You found it in a Gauntlet)

   Int:       It affects your intelligence (-4).
   rN:        It protects you from negative energy.
 V - the +4 dragonskin cloak
   (You took it off Tiamat on level 4 of the Realm of Zot)

   It grants the wearer a chance to resist fire, cold, poison, electricity,
   acid, and negative energy.
 Y - +5 gold dragon scales (worn)
Jewellery
 m - the ring "Keumal" {rC+ rN+++ Str-5 Int-3 SInv}
   (You took it off a fire giant on level 14 of the Dungeon)

   [ring of protection from cold]

   Str:       It affects your strength (-5).
   Int:       It affects your intelligence (-3).
   rC:        It protects you from cold.
   rN:        It renders you almost immune to negative energy.
   SInv:      It lets you see invisible.
 n - the amulet "Mazigyi" (around neck) {Faith Fly rC++ rCorr Stlth-}
   (You found it in a Gauntlet)

   [amulet of faith]

   It allows you to gain divine favour quickly.
   rC:        It greatly protects you from cold.
   Fly:       It grants you flight.
   rCorr:     It protects you from acid and corrosion.
   Stlth:     It makes you less stealthy.
 H - the ring "Kivuqina" {rF+ rC+ Str+2 Dex+6}
   (You took it off a tengu reaver on level 5 of the Vaults)

   [ring of dexterity]

   Str:       It affects your strength (+2).
   Dex:       It affects your dexterity (+6).
   rF:        It protects you from fire.
   rC:        It protects you from cold.
 K - the ring "Tiveteifu" {rF++ Will+}
   (You found it on level 3 of the Crypt)

   [ring of willpower]

   rF:        It greatly protects you from fire.
   Will:      It increases your willpower.
 N - the ring of Nagga (right hand) {rN+ Will+ Dex+4 Stlth+}
   (You found it on level 3 of the Crypt)

   [ring of positive energy]

   Dex:       It affects your dexterity (+4).
   rN:        It protects you from negative energy.
   Will:      It increases your willpower.
   Stlth:     It makes you more stealthy.
 P - the ring "Ashunud" {rC+ rCorr Int+4 Dex+2}
   (You found it on level 5 of the Lair of Beasts)

   [ring of resist corrosion]

   Int:       It affects your intelligence (+4).
   Dex:       It affects your dexterity (+2).
   rC:        It protects you from cold.
   rCorr:     It protects you from acid and corrosion.
 W - the ring "Jabi" {rElec rC- rN++ Dex+6 SInv}
   (You took it off a draconian monk on level 4 of the Realm of Zot)

   [ring of see invisible]

   Dex:       It affects your dexterity (+6).
   rC:        It makes you vulnerable to cold.
   rElec:     It insulates you from electricity.
   rN:        It greatly protects you from negative energy.
   SInv:      It lets you see invisible.
 Z - the ring "Ehuziove" (left hand) {rElec rF+ rN+ Str-4}
   (You found it on level 3 of the Crypt)

   [ring of positive energy]

   Str:       It affects your strength (-4).
   rF:        It protects you from fire.
   rElec:     It insulates you from electricity.
   rN:        It protects you from negative energy.
Wands
 p - a wand of digging (15)
 r - a wand of acid (41)
 I - a wand of paralysis (22)
 L - a wand of mindburst (8)
 M - a wand of iceblast (15)
 U - a wand of flame (11)
Scrolls
 i - 2 scrolls of summoning
 l - 17 scrolls of teleportation
 q - 9 scrolls of silence
 v - 12 scrolls of fear
 w - 3 scrolls of holy word
 D - 4 scrolls of magic mapping
 J - 9 scrolls of fog
Potions
 b - 9 potions of cancellation
 d - 9 potions of might
 f - 10 potions of curing
 g - 4 potions of mutation
 h - 12 potions of ambrosia
 t - 2 potions of resistance
 z - 8 potions of invisibility
 A - 2 potions of haste
 F - a potion of magic
 G - 3 potions of berserk rage
 T - 14 potions of lignification
 X - 3 potions of heal wounds
Miscellaneous
 c - a box of beasts
 e - a lightning rod (4/4)
 k - a phantom mirror
 x - a phial of floods
 S - a tin of tremorstones (2/2)


   Skills:
 - Level 26.0 Fighting
 - Level 18.0 Axes
 - Level 26.0 Armour
 + Level 9.5 Dodging
 - Level 26.0 Shields
 O Level 27 Invocations
 + Level 13.4 Evocations


You had 26 spell levels left.
You didn't know any spells.
Your spell library contained the following spells:

 Spells                   Type           Power      Damage    Failure   Level
 Sandblast                Erth           0%         2d4       98%         1
 Shock                    Conj/Air       0%         1d3       98%         1
 Ensorcelled Hibernation  Hex/Ice        0%         N/A       99%         2
 Passwall                 Tmut/Erth      0%         N/A       99%         2
 Conjure Flame            Conj/Fire      0%         6-21      100%        3
 Dazzling Flash           Conj/Hex       0%         N/A       100%        3
 Ignite Poison            Fire/Tmut/Pois 0%         N/A       100%        3
 Lesser Beckoning         Tloc           0%         N/A       100%        3
 Ozocubu's Armour         Ice            0%         N/A       100%        3
 Stone Arrow              Conj/Erth      0%         3d7       100%        3
 Swiftness                Air            0%         N/A       100%        3
 Teleport Other           Tloc           0%         N/A       100%        3
 Airstrike                Air            0%         N/A       100%        4
 Cause Fear               Hex            0%         N/A       100%        4
 Hailstorm                Conj/Ice       0%         3d3       100%        4
 Ice Form                 Ice/Tmut       0%         N/A       100%        4
 Iskenderun's Mystic Bla  Conj/Tloc      0%         2d3       100%        4
 Leda's Liquefaction      Hex/Erth       0%         N/A       100%        4
 Passage of Golubria      Tloc           0%         N/A       100%        4
 Petrify                  Tmut/Erth      0%         N/A       100%        4
 Sticky Flame             Conj/Fire      0%         2d3       100%        4
 Summon Ice Beast         Ice/Summ       0%         N/A       100%        4
 Fireball                 Conj/Fire      0%         3d3       100%        5
 Iskenderun's Battlesphe  Conj           0%         2d6       100%        5
 Lee's Rapid Deconstruct  Erth           0%         3d5*      100%        5
 Metabolic Englaciation   Hex/Ice        0%         N/A       100%        5
 Summon Forest            Summ/Tloc      0%         N/A       100%        5
 Summon Mana Viper        Hex/Summ       0%         N/A       100%        5
 Conjure Ball Lightning   Conj/Air       0%         3x3d6     100%        6
 Eringya's Noxious Bog    Tmut/Pois      0%         N/A       100%        6
 Simulacrum               Ice/Necr       0%         N/A       100%        6
 Starburst                Conj/Fire      0%         6d3       100%        6
 Statue Form              Tmut/Erth      0%         N/A       100%        6
 Dragon Form              Tmut           0%         N/A       100%        7
 Malign Gateway           Summ/Tloc      0%         N/A       100%        7
 Monstrous Menagerie      Summ           0%         N/A       100%        7
 Orb of Destruction       Conj           0%         9d5       100%        7
 Ozocubu's Refrigeration  Ice            0%         4d5       100%        7
 Summon Hydra             Summ           0%         N/A       100%        7
 Ignition                 Fire           0%         3d3       100%        8
 Summon Horrible Things   Summ           0%         N/A       100%        8
 Chain Lightning          Conj/Air       0%         N/A       100%        9
 Dragon's Call            Summ           0%         N/A       100%        9
 Fire Storm               Conj/Fire      0%         5d1       100%        9
 Shatter                  Erth           0%         3d5*      100%        9


Dungeon Overview and Level Annotations

Branches:
Dungeon (15/15)            Temple (1/1) D:7            Lair (6/6) D:8
 Shoals (4/4) Lair:3       Spider (4/4) Lair:2        Slime (5/5) Lair:6
    Orc (2/2) D:9             Elf (3/3) Orc:2        Vaults (5/5) D:13
  Crypt (3/3) Vaults:2       Tomb (0/3) Crypt:3      Depths (4/4) D:15
    Zot (5/5) Depths:4      Sewer (visited)         Gauntlet (visited)

Altars:
Ashenzari
Cheibriados
Dithmenos
Elyvilon
Fedhas
Gozag
Hepliaklqana
Kikubaaqudgha
Makhleb
Nemelex Xobeh
Okawaru
Qazlal
Ru
Sif Muna
Trog
Uskayaw
Vehumet
Wu Jian
Xom
Yredelemnul
Zin
The Shining One
Beogh
Jiyva

Shops:
D:9 ([   Orc:1 *   Orc:2 [!:*[(*   Elf:3 [   Shoals:3 =*   Vaults:2 ?
Depths:1 =:[?   Depths:3 ?

Portals:
Hell: Depths:1 Depths:2 Depths:3 Depths:4
Abyss: Depths:1 Depths:2 Depths:3 Depths:4
Pandemonium: Depths:2 Depths:3
Ziggurat: Depths:1

Annotations:
D:4 1 runed translucent door, Crazy Yiuf
D:10 2 runed translucent doors, 2 transporters, pkoi's ghost, novice DgAE


Innate Abilities, Weirdness & Mutations

You have a pair of small antennae on your head.
You have large cloven feet.
Your mind is acute. (Int +2)
You are clumsy. (Dex -2)
Your body sometimes deteriorates upon taking damage.
Your magical capacity is very low. (-20% MP)
You do not regenerate when monsters are visible.
Potions are less effective at restoring your health.


Message History

The Orb Guardian goes berserk!
You block the Orb Guardian's attack.
An Orb Guardian comes into view.
You completely miss the moth of wrath. You barely miss the Orb Guardian.
You closely miss the Orb Guardian. You slice the Orb Guardian!!
You block the Orb Guardian's attack. The Orb Guardian closely misses you.
You block the moth of wrath's attack. The Orb Guardian hits you!!
Unknown command.
You slash the moth of wrath!
The moth of wrath is moderately wounded.
You hit the Orb Guardian. You slash the Orb Guardian!
You closely miss the Orb Guardian. You block the Orb Guardian's attack. x2
The moth of wrath goads the Orb Guardian on!
The Orb Guardian goes berserk!
An Orb Guardian comes into view.
The Orb Guardian hits you!!!
With a swish of your cloak, you release a cloud of fog.
Unknown command.
You block the Orb Guardian's attack. x2
You block the Orb Guardian's attack. The Orb Guardian hits you!!!
Your body deteriorates!
You feel dopey.
You have lost your intelligence.
The Orb Guardian hits you! The Orb Guardian hits you.
The Orb Guardian hits you!!
The Orb Guardian hits you but does no damage. x3
The Orb Guardian hits you but does no damage.
The Orb Guardian hits you. The Orb Guardian hits you!!
* * * LOW HITPOINT WARNING * * *
The Orb Guardian hits you!
* * * LOW HITPOINT WARNING * * *
The Orb Guardian hits you!
* * * LOW HITPOINT WARNING * * *
The Orb Guardian hits you but does no damage.
The Orb Guardian hits you.
* * * LOW HITPOINT WARNING * * *
The Orb Guardian hits you but does no damage. x2
The Orb Guardian hits you!!
* * * LOW HITPOINT WARNING * * *
With a swish of your cloak, you release a cloud of fog.
The Orb Guardian hits you but does no damage.
The Orb Guardian hits you!!!
You die...

*▓$...........^......,,,**
*..............^.....,,,,* *
*..............^..(..,,,,***
*▓..........§...^....,,,,**,
*▓....§§..§§.§......,,,,*,,
▓▓.....§§§§§{§...XX,,,,^,,
▓▓......§§§X§§.{X..^,,^,*,,
▓▓.......§XXXy§......,,,,**^
▓.....^^.§§@X§§......,,^,***
▓....?...§§XX§§.....$,,,^* *
*▓.......§§§§........,,,**
▓▓..................,***
▓▓........^......▓▓**
▓▓8...^##▓▓▓▓▓▓▓▓▓▓▓#
##...................###
##................##....##
##.............§....###...##


You could see 7 Orb Guardians and a moth of wrath.

Vanquished Creatures
  the Royal Jelly (Slime:5)
  Tiamat (Zot:4)
  3 ancient liches
  4 dread liches
  Mennas (Depths:3)
  4 orbs of fire (Zot:5)
  Mara (Vaults:4)
  A juggernaut (Depths:4)
  5 Killer Klowns
  Saint Roka (Depths:3)
  10 golden dragons
  3 curse toes
  Jory (Vaults:4)
  Nikola (Spider:2)
  2 bone dragons
  Arachne (Spider:3)
  A Tzitzimitl (Depths:3)
  2 electric golems
  16 tentacled monstrosities
  A titan (Vaults:5)
  2 deep elf master archers (Elf:3)
  11 Orb Guardians (Zot:5)
  5 liches
  6 quicksilver dragons
  14 acid blobs
  A kraken (Shoals:4)
  A walking divine tome (Depths:3)
  An acid blob (shapeshifter) (Vaults:5)
  An ancient champion (Crypt:2)
  Frances (Shoals:1)
  6 sphinxes
  6 death cobs
  Agnes (D:15)
  7 tengu reavers
  9 draconian monks
  2 revenants
  11 shadow dragons
  20 storm dragons
  5 draconian knights
  9 azure jellies
  9 fire giants
  10 rockslimes
  2 balrugs
  2 juggernaut zombies (Depths:1)
  5 draconian scorchers
  Aizul (Spider:4)
  2 draconian stormcallers
  The ghost of croobank the Warrior, a journeyman MiFi of Trog (Elf:2)
  16 orc warlords
  11 ghost moths
  8 frost giants
  6 iron dragons
  3 emperor scorpions
  14 vault wardens
  A deep elf elementalist (Elf:3)
  6 deep elf sorcerers
  2 curse skulls
  6 draconian shifters
  Louise (Shoals:3)
  A reaper (Crypt:1)
  A caustic shrike zombie (Crypt:3)
  7 ghouls (Crypt:2)
  11 stone giants
  14 ironbound preservers
  A spriggan defender (Depths:2)
  7 quicksilver oozes
  5 vampire knights
  5 draconian annihilators
  5 war gargoyles
  12 very ugly things
  A juggernaut skeleton (Crypt:3)
  2 ironbound thunderhulks
  9 deep elf demonologists
  13 black draconians
  14 purple draconians
  18 red draconians
  9 deep elf annihilators
  A lorocyproca (Depths:2)
  A minotaur (Gauntlet)
  2 pale draconians (Depths:4)
  9 green draconians
  4 spark wasps
  10 dire elephants
  20 yellow draconians
  9 entropy weavers
  15 white draconians
  An eidolon (Crypt:2)
  9 deep elf death magi
  2 merfolk javelineers
  7 fire dragons
  13 ettins
  2 jiangshi (Crypt:2)
  3 merfolk impalers
  6 great orbs of eyes
  8 yaktaur captains
  8 deep elf high priests
  9 ice dragons
  Fannar (D:12)
  A quicksilver dragon skeleton (Crypt:2)
  Harold (D:8)
  3 spriggan zombies
  A radroach (Spider:2)
  5 boulder beetles
  3 rakshasas
  30 vault guards
  3 jorogumos (Spider:4)
  2 peacekeepers
  2 ironbound frosthearts
  3 spriggan skeletons
  7 hydras
  An alligator (shapeshifter) (Vaults:5)
  2 death knights
  3 merfolk avatars
  An ogre mage (Vaults:2)
  A satyr (Shoals:3)
  5 centaur warriors
  2 spriggan air magi (Depths:2)
  33 dancing weapons
  2 two-headed ogres
  3 hell hogs (Depths:1)
  6 deep troll earth magi
  10 deep troll shamans
  5 vampire magi
  A thrashing horror (Gauntlet)
  4 tengu warriors
  3 orc high priests
  2 soul eaters
  17 deep elf knights
  2 spriggan berserkers
  4 hell knights (Depths:1)
  4 shadow wraiths (Depths:3)
  A fire crab (shapeshifter) (D:14)
  28 skeletal warriors
  9 sea snakes
  A spriggan (Depths:2)
  2 sixfirhies (Gauntlet)
  4 sun demons
  The ghost of Rudyous the Skirmisher, a novice DjFi of Fedhas (D:8)
  A golden dragon zombie (Depths:2)
  A salamander mystic (Depths:1)
  3 shadow demons (Depths:3)
  2 sun moths
  9 iron trolls
  A deep troll (shapeshifter) (Depths:2)
  48 deep trolls
  7 orb spiders
  3 steelbarb worms
  2 flayed ghosts
  4 pharaoh ants
  11 wizards
  A bog body (Crypt:2)
  An obsidian statue (D:13)
  7 deep elf archers
  3 lindwurms
  4 glowing orange brains
  An iron giant skeleton (Crypt:1)
  10 phantasmal warriors
  An anaconda skeleton (Crypt:3)
  A swamp dragon (shapeshifter) (Vaults:2)
  An iron dragon zombie (Depths:2)
  2 bunyip skeletons (Crypt:3)
  3 orc knights (Vaults:5)
  16 ironbound convokers
  20 harpies
  39 deep elf pyromancers
  45 ugly things
  29 deep elf zephyrmancers
  22 wolf spiders
  14 orc sorcerers
  5 necromancers
  A jorogumo zombie (Crypt:2)
  12 manticores
  A frost giant zombie (Depths:1)
  A tengu skeleton (Depths:2)
  41 moths of wrath
  4 cyclopes
  3 shining eyes (Slime:5)
  4 elephants (Lair:6)
  3 salamanders (Depths:1)
  An eleionoma zombie (Crypt:1)
  A shadow dragon skeleton (Crypt:2)
  8 fire giant skeletons (Crypt:3)
  An eye of devastation (Slime:4)
  A rust devil (Depths:2)
  10 vault sentinels
  3 fauns (Shoals:3)
  A dire elephant zombie (Crypt:2)
  A black mamba (Lair:3)
  3 merfolk sirens (Shoals:4)
  A water nymph (Shoals:2)
  A torpor snail (shapeshifter) (Depths:4)
  5 smoke demons
  9 cane toads
  2 black draconian zombies (Crypt:2)
  5 gargoyles
  2 torpor snails
  A steelbarb worm zombie (Crypt:1)
  5 demonic crawlers
  Maggie (D:7)
  An ice devil (Depths:2)
  26 yaktaurs
  2 rime drakes
  A swamp worm zombie (Crypt:1)
  2 freezing wraiths
  A grey draconian skeleton (Crypt:2)
  7 komodo dragons
  5 tengu conjurers
  15 merfolk
  A harpy zombie (Crypt:2)
  5 guardian mummies
  13 trolls
  Prince Ribbit (D:6)
  23 tarantellas
  7 meliai
  A hornet (shapeshifter) (D:8)
  5 wind drakes
  A hornet (Depths:2)
  4 polar bears (Lair:6)
  9 blink frogs
  A slime creature (shapeshifter) (Vaults:5)
  Grinder (Sewer)
  An ettin zombie (Depths:1)
  A raiju (Lair:6)
  6 dream sheep
  58 slime creatures
  A blink frog (shapeshifter) (Elf:1)
  5 snapping turtles (Shoals:4)
  16 culicivoras
  A hydra skeleton (Crypt:3)
  17 jumping spiders
  3 flying skulls (Crypt:1)
  A meliai zombie (D:11)
  8 fire dragon skeletons (Crypt:3)
  A stone giant simulacrum (Crypt:2)
  A centaur simulacrum (D:14)
  8 wraiths
  5 shadows (Crypt:3)
  12 water elementals
  An ettin skeleton (Crypt:3)
  2 air elementals (Elf:3)
  2 naga simulacra (Crypt:2)
  A hog (shapeshifter) (D:8)
  3 hogs (Shoals:1)
  2 fire elementals
  31 yaks
  4 small abominations (Gauntlet)
  3 wyverns
  Grum (D:8)
  Eustachio (D:6)
  51 redbacks
  3 steam dragons (Depths:4)
  5 basilisks
  2 neqoxecs (D:8)
  Menkaure (D:7)
  15 wargs
  3 vampire mosquitoes (D:12)
  4 acid dragons
  A naga zombie (Crypt:2)
  A merfolk skeleton (Crypt:1)
  12 water moccasins
  A swamp worm (shapeshifter) (Vaults:5)
  Duvessa (D:4)
  8 hell hounds (Lair:6)
  2 floating eyes
  64 orc warriors
  A sky beast (D:6)
  A sky beast (shapeshifter) (D:8)
  7 black bears (Lair:6)
  2 necrophages
  24 wolves
  7 ogres
  A dream sheep zombie (Crypt:1)
  5 centaurs
  2 phantoms
  3 kobold brigands
  5 earth elementals
  15 bullfrogs
  A gnoll sergeant (D:9)
  3 scorpions
  Dowan (D:4)
  6 killer bees (D:10)
  A wight (D:9)
  2 electric eels
  A yak skeleton (Crypt:2)
  6 howler monkeys
  5 centaur zombies
  A bullfrog zombie (D:5)
  A quasit (Sewer)
  A hound (D:6)
  14 orc priests
  2 bullfrog skeletons
  2 centaur skeletons
  2 jellies
  An iron imp (D:5)
  10 iguanas
  Natasha (thrice) (D:4)
  2 human skeletons (Crypt:1)
  22 orc wizards
  7 hell rats (Lair:3)
  A naga skeleton (Crypt:1)
  An ogre skeleton (Crypt:2)
  2 hound skeletons (D:4)
  16 mummies
  A howler monkey zombie (D:8)
  A gnoll (D:11)
  5 adders
  15 river rats
  3 shadow imps
  9 ufetubi
  4 dart slugs
  93 orcs
  7 bats
  A bat zombie (Sewer)
  9 endoplasms
  7 giant cockroaches
  5 goblins
  5 hobgoblins (D:2)
  8 quokkas
  5 ball pythons
  7 frilled lizards
  A jackal skeleton (Crypt:2)
  21 kobolds
  A quokka zombie (Crypt:1)
  18 rats
2142 creatures vanquished.

Vanquished Creatures (collateral kills)
  The ghost of Qafoqink the Brawler, an adept TrGl of Wu Jian (Vaults:4)
  6 acid blobs
  A sphinx (Vaults:2)
  Kirke (Shoals:1)
  A tengu reaver (Vaults:5)
  Ilsuiw (Shoals:2)
  4 rockslimes
  A fire giant (shapeshifter) (Vaults:3)
  6 vault wardens
  11 ironbound preservers
  2 war gargoyles (Vaults:2)
  2 very ugly things
  5 ironbound thunderhulks
  2 broodmothers
  7 dire elephants
  3 entropy weavers
  A spark wasp (Spider:4)
  Snorg (Lair:4)
  7 merfolk impalers
  3 merfolk javelineers
  Josephine (Lair:4)
  2 yaktaur captains
  3 great orbs of eyes (Vaults:4)
  4 vault guards
  A hydra (D:15)
  A peacekeeper (Vaults:2)
  2 centaur warriors
  A radroach (Spider:4)
  3 boulder beetles
  An alligator snapping turtle (Shoals:3)
  A two-headed ogre (D:12)
  A jorogumo (Spider:3)
  2 merfolk aquamancers
  2 death knights (Vaults:2)
  An ironbound frostheart (Vaults:1)
  3 tengu warriors
  3 orc high priests (Orc:2)
  Sonja (Lair:5)
  A hell knight (Vaults:5)
  A skeletal warrior (D:14)
  A shadow wraith (Vaults:2)
  A sun moth (Spider:4)
  3 sea snakes
  4 orb spiders
  2 wizards
  28 deep trolls
  2 steelbarb worms
  7 ironbound convokers
  2 orc knights
  4 lindwurms
  16 harpies
  18 ugly things
  11 wolf spiders
  10 manticores
  A faun (Shoals:3)
  3 orc sorcerers (Orc:2)
  4 cyclopes
  A salamander (D:15)
  A merfolk siren (Shoals:1)
  A black mamba (Lair:2)
  4 vault sentinels
  A water nymph (Shoals:3)
  A centaur zombie (D:11)
  2 torpor snails (Lair:6)
  4 cane toads
  2 kobold demonologists
  2 komodo dragons (Lair:2)
  11 yaktaurs
  4 demonic crawlers
  2 rime drakes
  Psyche (D:11)
  2 meliai
  17 merfolk
  5 wind drakes
  4 blink frogs
  5 polar bears (Lair:6)
  11 tarantellas
  A blink frog (shapeshifter) (D:14)
  2 dream sheep
  21 slime creatures
  2 raiju (Lair:6)
  4 snapping turtles
  8 jumping spiders
  A shadow (D:11)
  A water elemental (Shoals:1)
  13 yaks
  2 wyverns
  7 wraiths
  13 culicivoras
  23 redbacks
  5 wargs
  2 water moccasins (Lair:2)
  4 hell hounds (Lair:6)
  10 orc warriors
  4 black bears (Lair:6)
  3 ogres
  A centaur (D:13)
  9 wolves
  2 kobold brigands (D:13)
  3 bullfrogs
  A gnoll sergeant (D:11)
  An electric eel (Spider:3)
  A howler monkey (D:11)
  7 orc priests
  6 orc wizards (Orc:2)
  2 gnolls (D:11)
  13 orcs
  2 kobolds (D:13)
  A tentacle (Shoals:4)
474 creatures vanquished.

Vanquished Creatures (others)
  An orc warlord (Vaults:4)
  2 fire giants (Vaults:5)
  A draconian knight (Zot:1)
  A draconian shifter (Zot:5)
  An orc sorcerer (Orc:2)
  A ghost moth (Zot:4)
  An orc high priest (Shoals:4)
  A black draconian (Zot:4)
  4 orc knights
  2 merfolk aquamancers
  A deep elf knight (Elf:2)
  A pharaoh ant (Spider:3)
  A shadow wraith (Depths:3)
  An ironbound convoker (Vaults:5)
  2 wolf spiders
  An ugly thing (Depths:1)
  A tengu conjurer (D:13)
  18 orc warriors
  13 orc wizards
  15 orc priests
  28 orcs
  A bat zombie (Sewer)
  2 ball lightnings (Elf:1)
  2 bushes (D:8)
  14 demonic plants (Gauntlet)
  29 fungi
  140 plants
  6 tentacles (Shoals:4)
  26 withered plants (Crypt:3)
317 creatures vanquished.

Grand Total: 2933 creatures vanquished

Notes
Turn   | Place    | Note
-------+----------+-------------------------------------------
     0 | D:1      | safid the Hill Orc Fighter began the quest for the Orb.
     0 | D:1      | Reached XP level 1. HP: 19/19 MP: 1/1
   371 | D:1      | Reached XP level 2. HP: 27/27 MP: 2/2
   899 | D:1      | Found a faded altar of an unknown god.
  1160 | D:2      | Reached XP level 3. HP: 33/33 MP: 3/3
  1572 | D:2      | Noticed a phantom
  1585 | D:2      | Killed a phantom
  1586 | D:2      | Reached skill level 5 in Axes
  1586 | D:2      | Reached XP level 4. HP: 23/40 MP: 4/4
  1586 | D:2      | Reached XP level 5. HP: 27/46 MP: 5/5
  2724 | D:3      | You fall into a shaft and drop 2 floors!
  2724 | D:5      | Entered Level 5 of the Dungeon
  2726 | D:5      | Became a worshipper of Beogh the Brigand
  2751 | D:5      | Noticed a phantom
  2757 | D:5      | Killed a phantom
  2758 | D:5      | Reached XP level 6. HP: 50/52 MP: 6/6
  2758 | D:5      | Noticed a water moccasin
  2771 | D:5      | Killed a water moccasin
  2885 | D:5      | Found a glowing drain.
  3069 | Sewer    | Entered a sewer
  3174 | Sewer    | Found a burning altar of Makhleb.
  3177 | Sewer    | Reached * piety under Beogh
  3184 | Sewer    | Reached XP level 7. HP: 57/59 MP: 7/7
  3270 | Sewer    | Noticed Grinder
  3287 | Sewer    | Paralysed by Grinder for 3 turns
  3370 | Sewer    | Paralysed by Grinder for 6 turns
  3377 | Sewer    | Killed Grinder
  3378 | Sewer    | Reached skill level 10 in Axes
  3620 | D:4      | Noticed Natasha
  3632 | D:4      | Killed Natasha
  4380 | D:4      | Noticed Natasha
  4751 | D:4      | Killed Natasha
  4752 | D:4      | Reached XP level 8. HP: 49/66 MP: 8/8
  5175 | D:4      | Found a runed translucent door.
  5176 | D:4      | Noticed Crazy Yiuf
  5468 | D:4      | Found a roughly hewn altar of Beogh.
  5478 | D:4      | Reached ** piety under Beogh
  5707 | D:4      | Noticed Natasha
  5715 | D:4      | Noticed Duvessa
  5716 | D:4      | Killed Natasha
  5716 | D:4      | Noticed Dowan
  5724 | D:4      | Killed Duvessa
  5729 | D:4      | Killed Dowan
  6297 | D:5      | Found a snail-covered altar of Cheibriados.
  6861 | D:6      | Noticed Prince Ribbit
  7102 | D:6      | Reached XP level 9. HP: 59/71 MP: 9/9
  7208 | D:6      | Killed Prince Ribbit
  7790 | D:6      | Noticed Eustachio
  7796 | D:6      | Killed Eustachio
  7797 | D:6      | Reached skill level 15 in Axes
  8696 | D:7      | Noticed Menkaure
  8701 | D:7      | Killed Menkaure
  8880 | D:7      | Noticed Maggie
  8897 | D:7      | Killed Maggie
  8898 | D:7      | Reached skill level 1 in Dodging
  8898 | D:7      | Reached skill level 1 in Invocations
  9122 | D:7      | Found a staircase to the Ecumenical Temple.
  9273 | D:7      | Reached skill level 2 in Invocations
  9353 | D:8      | Noticed Harold
  9367 | D:8      | Killed Harold
  9368 | D:8      | Reached skill level 5 in Fighting
  9368 | D:8      | Reached skill level 3 in Invocations
  9368 | D:8      | Reached XP level 10. HP: 45/81 MP: 7/12
  9562 | D:8      | Noticed Grum
  9588 | D:8      | Killed Grum
  9589 | D:8      | Reached skill level 5 in Armour
 10283 | D:8      | Reached skill level 4 in Invocations
 10324 | D:8      | Found a staircase to the Lair.
 10344 | D:8      | Reached *** piety under Beogh
 10468 | D:8      | Reached skill level 5 in Invocations
 10859 | D:8      | Found a runed translucent gate.
 10859 | D:8      | Found a runed translucent gate.
 10859 | D:8      | Found a runed translucent gate.
 10861 | D:8      | Noticed a purple ugly thing
 10861 | D:8      | Noticed a brown ugly thing
 10862 | D:8      | Noticed a white ugly thing
 10863 | D:8      | Noticed a brown ugly thing
 11375 | D:9      | Noticed a manticore
 11382 | D:9      | Killed a manticore
 11383 | D:9      | Reached XP level 11. HP: 70/91 MP: 10/15
 11818 | D:9      | Found Oschuom's Weapon Shoppe.
 11818 | D:9      | Found a staircase to the Orcish Mines.
 11824 | D:9      | Reached skill level 6 in Invocations
 11871 | D:9      | Found Puidonua's Armour Shoppe.
 12287 | D:10     | Entered Level 10 of the Dungeon
 12290 | D:10     | Found a large runed translucent door.
 12290 | D:10     | Found a large runed translucent door.
 12292 | D:10     | Noticed pkoi's ghost (novice DgAE)
 12535 | D:10     | Found a transporter.
 12537 | D:10     | Noticed an orc high priest
 12538 | D:10     | Found a transporter.
 12564 | D:10     | Identified the +7 hunting sling "Joegor" {flame, Will+}
 12569 | D:10     | Noticed a green ugly thing
 12578 | D:10     | Killed a green ugly thing
 12844 | D:10     | Reached **** piety under Beogh
 13168 | Lair:1   | Entered Level 1 of the Lair of Beasts
 13173 | Lair:1   | Reached skill level 7 in Invocations
 13293 | Lair:1   | Noticed a seven-headed hydra
 13302 | Lair:1   | Killed an eight-headed hydra
 13651 | Lair:1   | Reached skill level 8 in Invocations
 14005 | Lair:1   | Gained Gorg as an ally
 14367 | Lair:2   | Reached skill level 9 in Invocations
 14367 | Lair:2   | Reached XP level 12. HP: 41/104 MP: 8/18
 14678 | Lair:2   | Found a hazy altar of Hepliaklqana.
 14784 | Lair:2   | You fall into a shaft and drop 1 floor!
 14793 | Lair:3   | Noticed a seven-headed hydra
 14801 | Lair:3   | Killed an eight-headed hydra
 15223 | Lair:3   | Reached skill level 10 in Fighting
 15247 | Lair:3   | Noticed an eight-headed hydra
 15257 | Lair:3   | Killed a nine-headed hydra
 15258 | Lair:3   | Reached skill level 10 in Invocations
 16211 | Lair:2   | Reached skill level 10 in Armour
 16344 | Lair:2   | Found a hole to the Spider Nest.
 16676 | Lair:2   | Reached skill level 11 in Invocations
 16759 | Lair:2   | Noticed an eight-headed hydra
 16762 | Lair:2   | Killed an eight-headed hydra
 17393 | Lair:3   | Found a staircase to the Shoals.
 17742 | Lair:3   | Reached XP level 13. HP: 110/116 MP: 19/21
 18155 | Lair:4   | Reached skill level 12 in Invocations
 18291 | Lair:4   | Noticed Josephine
 18301 | Lair:4   | Killed Josephine
 18907 | Lair:4   | Reached ***** piety under Beogh
 18909 | Lair:4   | Reached skill level 1 in Evocations
 18974 | Lair:4   | Noticed Snorg
 18980 | Lair:4   | Killed Snorg
 19487 | Lair:5   | Identified the ring "Ashunud" {rC+ rCorr Int+4 Dex+2}
 19646 | Lair:5   | Noticed Sonja
 19661 | Lair:5   | Killed Sonja
 20373 | Lair:6   | Entered Level 6 of the Lair of Beasts
 20383 | Lair:6   | Found a viscous altar of Jiyva.
 20383 | Lair:6   | Found a staircase to the Slime Pits.
 20876 | Lair:6   | Reached skill level 13 in Invocations
 21595 | Lair:6   | Reached skill level 5 in Evocations
 21595 | Lair:6   | Reached XP level 14. HP: 105/129 MP: 11/24
 22007 | Lair:6   | Reached skill level 14 in Invocations
 22135 | Lair:6   | Found the +8 longbow "Zephyr" {speed, Dex+3 SInv}
 22358 | Orc:1    | Entered Level 1 of the Orcish Mines
 22669 | Orc:2    | Entered Level 2 of the Orcish Mines
 23094 | Orc:2    | Found Lasis's Assorted Antiques.
 23171 | Orc:2    | Bought a scroll of identify for 62 gold pieces
 23295 | Orc:2    | Found Ovve's Distillery.
 23303 | Orc:2    | Bought a potion of lignification for 33 gold pieces
 23303 | Orc:2    | Bought a potion of haste for 110 gold pieces
 23303 | Orc:2    | Bought a potion of heal wounds for 55 gold pieces
 23303 | Orc:2    | Bought 2 potions of brilliance for 88 gold pieces
 23303 | Orc:2    | Bought a potion of heal wounds for 55 gold pieces
 23303 | Orc:2    | Bought a potion of ambrosia for 88 gold pieces
 23360 | Orc:2    | Found Dofyor's Antique Armour Shoppe.
 23396 | Orc:2    | Found a staircase to the Elven Halls.
 23467 | Orc:2    | Noticed an orc warlord
 23478 | Orc:2    | Gained Learuk as an ally
 23505 | Orc:2    | Your ally Learuk died
 23515 | Orc:2    | Your ally Gorg died
 23668 | Orc:2    | Reached ****** piety under Beogh
 23676 | Orc:2    | Gained Boruk as an ally
 23730 | Orc:2    | Killed an orc warlord
 24526 | Orc:2    | Found Wahyph's General Store.
 24527 | Orc:2    | Found Kuyschann's Book Shoppe.
 24529 | Orc:2    | Found Foerisk's Antique Armour Emporium.
 24529 | Orc:2    | Found Robon's Antique Weapon Emporium.
 24544 | Orc:2    | Bought a phantom mirror for 520 gold pieces
 24599 | Orc:2    | Paralysed by an orc sorcerer for 3 turns
 24807 | Orc:2    | Bought 2 potions of haste for 220 gold pieces
 24807 | Orc:2    | Bought a potion of curing for 33 gold pieces
 24807 | Orc:2    | Bought a potion of curing for 33 gold pieces
 25044 | Orc:1    | Found Yfic's General Store.
 25050 | Orc:1    | Bought a potion of invisibility for 96 gold pieces
 25443 | D:11     | Gained Marbork as an ally
 25733 | D:11     | Killed Psyche
 26212 | D:12     | Found a gate leading to a gauntlet.
 26219 | Gauntlet | Entered a Gauntlet
 26219 | Gauntlet | Found a transporter.
 26219 | Gauntlet | Found a transporter.
 26223 | Gauntlet | Found a transporter.
 26223 | Gauntlet | Found a transporter.
 26241 | Gauntlet | Found a transporter.
 26251 | Gauntlet | Found a transporter.
 26251 | Gauntlet | Found a transporter.
 26275 | Gauntlet | Found a transporter.
 26282 | Gauntlet | Found a transporter.
 26294 | Gauntlet | Found a transporter.
 26316 | Gauntlet | Found a transporter.
 26351 | Gauntlet | Found a transporter.
 26365 | Gauntlet | Found a transporter.
 26374 | Gauntlet | Found the ring of Shadows {Umbra +Inv Stlth+}
 26458 | Gauntlet | Found a transporter.
 26468 | Gauntlet | Found a transporter.
 26484 | Gauntlet | Found a transporter.
 26658 | Gauntlet | Reached skill level 15 in Invocations
 26668 | Gauntlet | Identified the amulet "Mazigyi" {Faith Fly rC++ rCorr
                  | Stlth-}
 27133 | Gauntlet | Found the +10 tower shield of Ignorance {rN+ Int-4}
 27133 | Gauntlet | Identified the +6 scimitar "Kosahuas" {freeze, +Blink rPois
                  | Dex+2}
 27812 | D:12     | Noticed Fannar
 27819 | D:12     | Killed Fannar
 28347 | D:13     | Identified the +1 quarterstaff "Giantslayer" {vorpal,
                  | *Noise rPois rC++ Stlth+}
 28665 | D:13     | Reached skill level 5 in Shields
 28674 | D:13     | Gained Bogdar as an ally
 28687 | D:13     | Gained Orbeogh as an ally
 28688 | D:13     | Reached skill level 15 in Fighting
 28732 | D:13     | Found a gate to the Vaults.
 28933 | D:13     | Reached XP level 15. HP: 118/141 MP: 26/26
 29446 | Orc:1    | Bought a scroll of enchant armour for 90 gold pieces
 30181 | D:14     | Reached skill level 16 in Invocations
 30528 | D:14     | Reached skill level 10 in Shields
 30633 | D:14     | Noticed a storm dragon
 30636 | D:14     | Killed a storm dragon
 30691 | D:14     | Identified the ring "Keumal" {rC+ rN+++ Str-5 Int-3 SInv}
 30691 | D:14     | Noticed a fire giant
 30693 | D:14     | Your ally Bogdar died
 30694 | D:14     | Killed a fire giant
 31118 | D:15     | Entered Level 15 of the Dungeon
 31822 | D:15     | Noticed Agnes
 31826 | D:15     | Killed Agnes
 32255 | D:15     | Found a staircase to the Depths.
 32256 | D:15     | Noticed an emperor scorpion
 32281 | D:15     | Killed an emperor scorpion
 32715 | Shoals:1 | Entered Level 1 of the Shoals
 33236 | Shoals:1 | Reached XP level 16. HP: 126/149 MP: 28/28
 33323 | Shoals:1 | Noticed Frances
 33328 | Shoals:1 | Killed Frances
 33673 | Shoals:1 | Got the Grimoire of the Forsaken Wishes
 33712 | Shoals:1 | Noticed Kirke
 33727 | Shoals:1 | Killed Kirke
 34559 | Shoals:2 | Reached skill level 15 in Shields
 34999 | Shoals:2 | Noticed Ilsuiw
 35011 | Shoals:2 | Killed Ilsuiw
 35984 | Shoals:3 | Found Qoqax's Jewellery Shoppe.
 36872 | Shoals:3 | Found Veigueja's Gadget Gallery.
 37199 | Shoals:3 | Noticed Louise
 37208 | Shoals:3 | Killed Louise
 37617 | Shoals:4 | Entered Level 4 of the Shoals
 37646 | Shoals:4 | Your ally Marbork died
 37950 | Shoals:4 | Identified the amulet "Fetuk" {RegenMP Harm Regen+ Str-5
                  | Dex+3}
 38068 | Shoals:4 | Reached XP level 17. HP: 145/156 MP: 29/29
 38115 | Shoals:4 | Identified the +2 glaive of Coixtuudui {vorpal, rC+ Str+3
                  | Stlth+}
 38270 | Shoals:4 | Noticed a kraken
 38279 | Shoals:4 | Killed a kraken
 38776 | Shoals:4 | Got a barnacled rune of Zot
 38854 | Shoals:4 | Gained Gorg as an ally
 39982 | Vaults:1 | Entered Level 1 of the Vaults
 40078 | Vaults:1 | Found a flickering gateway to a bazaar.
 40088 | Bazaar   | Entered a bazaar
 40166 | Bazaar   | Found Ygedwahoe's Magic Scroll Shop.
 40179 | Bazaar   | Found Zuibleb's Weapon Shop.
 40193 | Bazaar   | Found Jeitusm's Magic Scroll Boutique.
 40222 | Bazaar   | Found Pemy's Weapon Boutique.
 40264 | Bazaar   | Bought a scroll of acquirement for 520 gold pieces
 40264 | Bazaar   | Acquired the +1 pair of boots of Entitlement {Str+6 Int-5}
 40291 | Bazaar   | Bought a scroll of fear for 42 gold pieces
 40291 | Bazaar   | Bought a scroll of magic mapping for 42 gold pieces
 40291 | Bazaar   | Bought a scroll of fog for 24 gold pieces
 40291 | Bazaar   | Bought a scroll of identify for 24 gold pieces
 41478 | Vaults:2 | Found Rocaqagoru's Magic Scroll Shoppe.
 41490 | Vaults:2 | Bought a scroll of teleportation for 60 gold pieces
 41507 | Vaults:2 | Noticed a sphinx
 41515 | Vaults:2 | Killed a sphinx
 41803 | Vaults:2 | You are sucked into a shaft and drop 1 floor!
 42071 | Vaults:3 | Reached XP level 18. HP: 107/166 MP: 30/30
 44426 | Vaults:2 | Found a staircase to the Crypt.
 44885 | Vaults:4 | Paralysed by a sphinx for 2 turns
 45318 | Vaults:4 | Your ally Orbeogh died
 45463 | Vaults:4 | Reached XP level 19. HP: 174/174 MP: 31/31
 45477 | Vaults:4 | Your ally Boruk died
 45479 | Vaults:4 | Reached skill level 17 in Invocations
 45779 | Vaults:4 | Noticed Mara
 45785 | Vaults:4 | Noticed safid's illusion
 46467 | Vaults:4 | Noticed Qafoqink's ghost (adept TrGl)
 46470 | Vaults:4 | Found a large runed translucent door.
 46470 | Vaults:4 | Found a large runed translucent door.
 46520 | Vaults:4 | Killed Mara
 46523 | Vaults:4 | Reached skill level 18 in Invocations
 47333 | Vaults:4 | Noticed Jory
 47340 | Vaults:4 | Killed Jory
 47565 | Vaults:4 | Killed Qafoqink's ghost
 47571 | Vaults:4 | Acquired 434 gold pieces
 47934 | Spider:1 | Entered Level 1 of the Spider Nest
 48968 | Spider:2 | Noticed Nikola
 48979 | Spider:2 | Killed Nikola
 49128 | Spider:2 | Reached XP level 20. HP: 189/189 MP: 33/33
 49326 | Spider:2 | Reached skill level 19 in Invocations
 49332 | Spider:2 | Reached skill level 15 in Armour
 49807 | Spider:3 | Noticed Arachne
 49838 | Spider:3 | Killed Arachne
 50754 | Spider:4 | Entered Level 4 of the Spider Nest
 51577 | Spider:4 | Noticed Aizul
 51596 | Spider:4 | Killed Aizul
 51783 | Spider:4 | Reached skill level 20 in Invocations
 52933 | Spider:4 | Got a gossamer rune of Zot
 53285 | Slime:1  | Entered Level 1 of the Pits of Slime
 53869 | Slime:5  | Entered Level 5 of the Pits of Slime
 53882 | Slime:5  | Reached XP level 21. HP: 191/201 MP: 35/35
 54024 | Slime:5  | Paralysed by a floating eye for 3 turns
 54067 | Slime:5  | Found a viscous altar of Jiyva.
 54067 | Slime:5  | Noticed the Royal Jelly
 54072 | Slime:5  | Was placed under penance by Beogh
 54089 | Slime:5  | Fell from the grace of Beogh
 54652 | Temple   | Entered the Ecumenical Temple
 55244 | Temple   | Became a worshipper of Trog the Wrathful
 55510 | Slime:5  | Reached skill level 21 in Invocations
 56228 | Slime:5  | Gained mutation: You have sharp toenails. [a shining eye]
 56390 | Slime:5  | Gained mutation: Your magical capacity is low. (-10% MP) [a
                  | shining eye]
 56391 | Slime:5  | Gained mutation: You have hidden genetic defects. [a
                  | shining eye]
 56400 | Slime:5  | Killed the Royal Jelly
 56469 | Slime:4  | Lost mutation: Your magical capacity is low. (-10% MP)
                  | [potion of mutation]
 56469 | Slime:4  | Lost mutation: You have hidden genetic defects. [potion of
                  | mutation]
 56469 | Slime:4  | Lost mutation: You have sharp toenails. [potion of
                  | mutation]
 56469 | Slime:4  | Gained mutation: You are clumsy. (Dex -2) [potion of
                  | mutation]
 56469 | Slime:4  | Gained mutation: You have a pair of small horns on your
                  | head. [potion of mutation]
 56470 | Slime:4  | Lost mutation: You are clumsy. (Dex -2) [potion of
                  | mutation]
 56470 | Slime:4  | Lost mutation: You have a pair of small horns on your head.
                  | [potion of mutation]
 56470 | Slime:4  | Gained mutation: You are partially covered in large bone
                  | plates. (SH +4) [potion of mutation]
 56470 | Slime:4  | Gained mutation: You are occasionally teleported next to
                  | monsters. [potion of mutation]
 56470 | Slime:4  | Gained mutation: You have sharp fingernails. [potion of
                  | mutation]
 56470 | Slime:4  | Gained mutation: You are strong-willed. (Will+) [potion of
                  | mutation]
 56471 | Slime:4  | Lost mutation: You have sharp fingernails. [potion of
                  | mutation]
 56471 | Slime:4  | Lost mutation: You are strong-willed. (Will+) [potion of
                  | mutation]
 56471 | Slime:4  | Lost mutation: You are occasionally teleported next to
                  | monsters. [potion of mutation]
 56471 | Slime:4  | Gained mutation: You have large cloven feet. [potion of
                  | mutation]
 56471 | Slime:4  | Gained mutation: Your flesh is heat resistant. (rF+)
                  | [potion of mutation]
 56998 | Slime:4  | Reached * piety under Trog
 57011 | Slime:4  | Paralysed by a floating eye for 2 turns
 57734 | Slime:5  | Gained mutation: You tend to lose your temper in combat. [a
                  | shining eye]
 57735 | Slime:5  | Gained mutation: You sometimes lose the ability to read
                  | scrolls when taking damage. [a shining eye]
 57737 | Slime:5  | Gained mutation: Potions are less effective at restoring
                  | your health. [a shining eye]
 57739 | Slime:5  | Gained mutation: You have supernaturally acute eyesight.
                  | (SInv) [a shining eye]
 57921 | Slime:5  | Got a slimy rune of Zot
 57936 | Slime:5  | Lost mutation: You are partially covered in large bone
                  | plates. (SH +4) [potion of mutation]
 57936 | Slime:5  | Lost mutation: Your flesh is heat resistant. (rF+) [potion
                  | of mutation]
 57936 | Slime:5  | Lost mutation: You have supernaturally acute eyesight.
                  | (SInv) [potion of mutation]
 57936 | Slime:5  | Gained mutation: Potions cannot restore your health.
                  | [potion of mutation]
 57942 | Slime:5  | Identified the +6 war axe "Fuitiv" {vorpal, Dex+2 SInv}
 57953 | Slime:5  | Identified the ring "Ankiadiu" {rN+ AC+4 Str+3 Int+4}
 58033 | Slime:5  | Identified the ring of Uduinur {Will+ AC+4 Str+2}
 58049 | Slime:5  | Identified the +5 swamp dragon scales "Odatweupn" {rPois
                  | Str+5}
 58278 | D:8      | Found a runed translucent gate.
 58278 | D:8      | Found a runed translucent gate.
 58279 | D:8      | Noticed Rudyous's ghost (novice DjFi)
 58281 | D:8      | Found a runed translucent gate.
 58285 | D:8      | Lost mutation: Potions cannot restore your health. [potion
                  | of mutation]
 58285 | D:8      | Lost mutation: Potions are less effective at restoring your
                  | health. [potion of mutation]
 58285 | D:8      | Gained mutation: You have a pair of small antennae on your
                  | head. [potion of mutation]
 58285 | D:8      | Gained mutation: Your body sometimes deteriorates upon
                  | taking damage. [potion of mutation]
 58312 | D:8      | Killed Rudyous's ghost
 58343 | D:8      | Lost mutation: Your body sometimes deteriorates upon taking
                  | damage. [potion of mutation]
 58343 | D:8      | Lost mutation: You tend to lose your temper in combat.
                  | [potion of mutation]
 58343 | D:8      | Lost mutation: You sometimes lose the ability to read
                  | scrolls when taking damage. [potion of mutation]
 58343 | D:8      | Gained mutation: You do not regenerate when monsters are
                  | visible. [potion of mutation]
 58343 | D:8      | Gained mutation: Your mind is acute. (Int +2) [potion of
                  | mutation]
 58599 | Crypt:1  | Entered Level 1 of the Crypt
 58716 | Crypt:1  | Reached ** piety under Trog
 59878 | Crypt:1  | Reached skill level 22 in Invocations
 60029 | Crypt:2  | Reached *** piety under Trog
 60545 | Crypt:2  | Found a basalt altar of Yredelemnul.
 60579 | Crypt:2  | Reached **** piety under Trog
 61411 | Crypt:3  | Entered Level 3 of the Crypt
 61475 | Crypt:3  | Reached ***** piety under Trog
 61832 | Crypt:3  | Reached XP level 22. HP: 213/213 MP: 37/37
 62866 | Crypt:3  | Found a staircase to the Tomb.
 62955 | Crypt:3  | Found an ancient bone altar of Kikubaaqudgha.
 62956 | Crypt:3  | Noticed a dread lich
 62961 | Crypt:3  | Paralysed by a dread lich for 7 turns
 62963 | Crypt:3  | Noticed an ancient lich
 62979 | Crypt:3  | Killed a dread lich
 62989 | Crypt:3  | Killed an ancient lich
 63399 | Crypt:3  | Identified the ring "Tiveteifu" {rF++ Will+}
 63506 | Crypt:3  | Identified the ring of Nagga {rN+ Will+ Dex+4 Stlth+}
 63506 | Crypt:3  | Identified the ring "Ehuziove" {rElec rF+ rN+ Str-4}
 63506 | Crypt:3  | Identified the ring of Asceticism {rF- rN+ Str+5 Int+4}
 63863 | Vaults:5 | Entered Level 5 of the Vaults
 64192 | Elf:1    | Entered Level 1 of the Elven Halls
 64232 | Elf:1    | Identified the +11 broad axe "Nuanierph" {vorpal, Will+
                  | Dex+3} (Trog gifted it to you on level 1 of the Elven
                  | Halls)
 64232 | Elf:1    | Received a gift from Trog
 65784 | Elf:1    | Received a gift from Trog
 66016 | Elf:2    | Found a radiant altar of Vehumet.
 66512 | Elf:2    | Found a large runed translucent door.
 66512 | Elf:2    | Found a large runed translucent door.
 66513 | Elf:2    | Noticed croobank's ghost (journeyman MiFi)
 66545 | Elf:2    | Killed croobank's ghost
 66610 | Elf:2    | Found a huge runed translucent gate.
 66610 | Elf:2    | Found a huge runed translucent gate.
 66610 | Elf:2    | Found a huge runed translucent gate.
 66610 | Elf:2    | Found a huge runed translucent gate.
 66611 | Elf:2    | Found a huge runed translucent gate.
 66867 | Elf:2    | Reached ****** piety under Trog
 67330 | Elf:2    | Received a gift from Trog
 67606 | Elf:2    | Reached skill level 23 in Invocations
 68036 | Elf:2    | Was forgiven by Beogh
 68325 | Elf:3    | Entered Level 3 of the Elven Halls
 68337 | Elf:3    | Reached XP level 23. HP: 208/223 MP: 38/38
 68616 | Elf:3    | Found Votoj's Armour Shoppe.
 68725 | Elf:3    | Received a gift from Trog
 68838 | Elf:3    | Reached skill level 24 in Invocations
 69354 | Elf:3    | Paralysed by an air elemental for 1 turns
 69641 | Elf:3    | Received a gift from Trog
 69769 | Elf:3    | Reached skill level 25 in Invocations
 69918 | Elf:3    | Identified the amulet of Deceer {Spirit Rampage rElec rCorr
                  | Str+4}
 70237 | Elf:3    | Identified the +4 great sword "Vuwofut" {vorpal, Int+7
                  | Dex+5}
 70237 | Elf:3    | Identified the +3 chain mail "Ukaj" {rF- rC++}
 70941 | Orc:2    | Bought a scroll of teleportation for 93 gold pieces
 70941 | Orc:2    | Bought a scroll of acquirement for 1612 gold pieces
 70941 | Orc:2    | Bought a scroll of fear for 108 gold pieces
 70941 | Orc:2    | Acquired a manual of Slings
 71382 | Vaults:5 | Noticed an ancient lich
 71396 | Vaults:5 | Killed an ancient lich
 71485 | Vaults:5 | Reached skill level 26 in Invocations
 71504 | Vaults:5 | Identified the +8 rapier of Pufyarerra {venom, rC+ Str+2
                  | Int-2}
 71523 | Vaults:5 | Identified the +11 broad axe of Tuhowne {flame, rC+} (Trog
                  | gifted it to you on level 5 of the Vaults)
 71523 | Vaults:5 | Received a gift from Trog
 71574 | Vaults:5 | Noticed a juggernaut
 71574 | Vaults:5 | a titan changed into a juggernaut
 71577 | Vaults:5 | a juggernaut changed into a titan
 71580 | Vaults:5 | Noticed a juggernaut
 71580 | Vaults:5 | a titan changed into a juggernaut
 71581 | Vaults:5 | Noticed a shard shrike
 71581 | Vaults:5 | a juggernaut changed into a shard shrike
 71590 | Vaults:5 | a shard shrike changed into a titan
 71591 | Vaults:5 | Noticed a golden dragon
 71591 | Vaults:5 | a titan changed into a golden dragon
 71594 | Vaults:5 | a golden dragon changed into a shadow dragon
 71598 | Vaults:5 | Noticed a caustic shrike
 71598 | Vaults:5 | a shadow dragon changed into a caustic shrike
 71605 | Vaults:5 | a caustic shrike changed into an acid blob
 72002 | Vaults:5 | Noticed a golden dragon
 72010 | Vaults:5 | Killed a golden dragon
 72106 | Vaults:5 | Reached skill level 27 in Invocations
 72258 | Vaults:5 | Noticed a dread lich
 72268 | Vaults:5 | Killed a dread lich
 72490 | Vaults:5 | Received a gift from Trog
 72499 | Vaults:5 | Identified the +8 halberd of Crusades {distort, Will+}
 72501 | Vaults:5 | Noticed a golden dragon
 72512 | Vaults:5 | Reached XP level 24. HP: 207/231 MP: 40/40
 72985 | Vaults:5 | Identified the ring "Kivuqina" {rF+ rC+ Str+2 Dex+6}
 73661 | Vaults:5 | Received a gift from Trog
 74381 | Vaults:5 | Got a silver rune of Zot
 74755 | Depths:1 | Entered Level 1 of the Depths
 74766 | Depths:1 | Found Woaptapt's Magic Scroll Shop.
 74769 | Depths:1 | Found Wyixoli's Armour Shop.
 74769 | Depths:1 | Found Cuczeij's Book Boutique.
 74777 | Depths:1 | Bought a scroll of fear for 66 gold pieces
 74777 | Depths:1 | Bought a scroll of teleportation for 57 gold pieces
 74777 | Depths:1 | Bought a scroll of holy word for 142 gold pieces
 74777 | Depths:1 | Bought a scroll of teleportation for 57 gold pieces
 74777 | Depths:1 | Found Cicis's Jewellery Boutique.
 74801 | Depths:1 | Found a radiant altar of Vehumet.
 74882 | Depths:1 | Found a one-way gateway to a ziggurat.
 75293 | Depths:1 | Received a gift from Trog
 75640 | Depths:1 | Found a gateway to Hell.
 76127 | Depths:1 | Found a one-way gate to the infinite horrors of the Abyss.
 76310 | Depths:2 | Received a gift from Trog
 76318 | Depths:2 | Found a one-way gate leading to the halls of Pandemonium.
 76960 | Depths:2 | Received a gift from Trog
 76994 | Depths:2 | Reached XP level 25. HP: 193/245 MP: 40/40
 77592 | Depths:2 | Found a glowing golden altar of the Shining One.
 78815 | Depths:3 | Noticed Saint Roka
 78834 | Depths:3 | Killed Saint Roka
 78882 | Depths:3 | Noticed Mennas
 78923 | Depths:3 | Killed Mennas
 79284 | Depths:3 | Found Biogiry's Magic Scroll Shop.
 79292 | Depths:3 | Bought a scroll of enchant armour for 150 gold pieces
 79292 | Depths:3 | Bought a scroll of fear for 70 gold pieces
 79292 | Depths:3 | Bought a scroll of summoning for 190 gold pieces
 80182 | Depths:3 | Received a gift from Trog
 80494 | Depths:3 | Found a shadowy altar of Dithmenos.
 80494 | Depths:3 | Found the +2 cloak of the Thief {*Fog Slay-2 SInv Stlth+}
 80494 | Depths:3 | Found the +2 hood of the Assassin {Detection Stab+ Stlth++}
 80950 | Depths:4 | Entered Level 4 of the Depths
 81217 | Depths:4 | Found a sacrificial altar of Ru.
 81270 | Depths:4 | Identified the +0 scale mail of Caisoo {Fly}
 81287 | Depths:4 | Noticed a juggernaut
 81304 | Depths:4 | Killed a juggernaut
 82688 | Depths:4 | Received a gift from Trog
 83036 | Depths:4 | Found a gate to the Realm of Zot.
 83274 | Zot:1    | Entered Level 1 of the Realm of Zot
 84536 | Zot:1    | Reached XP level 26. HP: 170/260 MP: 40/40
 84975 | Zot:1    | Noticed a Killer Klown
 84975 | Zot:1    | Noticed a Killer Klown
 85009 | Zot:1    | Killed a Killer Klown
 85016 | Zot:1    | Killed a Killer Klown
 85092 | Zot:1    | Received a gift from Trog
 86093 | Zot:2    | Lost intelligence.
 87014 | Zot:2    | Noticed a Killer Klown
 87044 | Zot:2    | Killed a Killer Klown
 88269 | Zot:3    | Received a gift from Trog
 89708 | Zot:4    | Found the +4 dragonskin cloak
 89708 | Zot:4    | Noticed Tiamat
 90913 | Zot:3    | Received a gift from Trog
 91105 | Zot:3    | Reached XP level 27. HP: 269/269 MP: 40/40
 91623 | Zot:4    | Reached skill level 5 in Dodging
 91818 | Zot:4    | Identified the ring "Jabi" {rElec rC- rN++ Dex+6 SInv}
 91836 | Zot:4    | Reached skill level 10 in Evocations
 92444 | Zot:4    | Noticed a dread lich
 92463 | Zot:4    | Killed a dread lich
 92893 | Zot:4    | Killed Tiamat
 93168 | Zot:5    | Entered Level 5 of the Realm of Zot
 93178 | Zot:4    | Received a gift from Trog
 94514 | Zot:5    | Noticed an ancient lich
 94529 | Zot:5    | Killed an ancient lich
 94533 | Zot:5    | Noticed an orb of fire
 94550 | Zot:5    | Killed an orb of fire
 94576 | Zot:5    | Noticed an orb of fire
 94582 | Zot:5    | Gained mutation: You are clumsy. (Dex -2) [an orb of fire]
 94584 | Zot:5    | Noticed an orb of fire
 94586 | Zot:5    | Gained mutation: Your magical capacity is low. (-10% MP)
                  | [an orb of fire]
 94629 | Zot:5    | Gained mutation: Your magical capacity is very low. (-20%
                  | MP) [an orb of fire]
 94633 | Zot:5    | Killed an orb of fire
 95127 | Zot:5    | Gained mutation: Potions are less effective at restoring
                  | your health. [an orb of fire]
 95131 | Zot:5    | Killed an orb of fire
 95342 | Zot:5    | Noticed an orb of fire
 95349 | Zot:5    | Gained mutation: Your body sometimes deteriorates upon
                  | taking damage. [an orb of fire]
 95358 | Zot:5    | Killed an orb of fire
 95360 | Zot:5    | Noticed a dread lich
 95382 | Zot:5    | Killed a dread lich
 95642 | Zot:5    | Lost intelligence.
 95645 | Zot:5    | Demolished by an Orb Guardian

Illustrated notes

Levels and vault maps discovered:
D:1:      dpeg_arrival_three_bigger_balls, layout_basic,
          hellmonk_ecumenical_altar_leap_of_faith
D:2:      layout_loops_cross
D:3:      layout_basic
D:4:      layout_rooms, kennysheep_minor_cross, kennysheep_orc_chapel,
          uniq_duvessa, uniq_crazy_yiuf_cottage, uniq_natasha
D:5:      layout_gridville, chei_slow_surprise, gup_sewer_entry_bowl
D:6:      layout_basic, uniq_grinder, uniq_prince_ribbit1, uniq_eustachio
D:7:      layout_gridville, temple_hall, uniq_maggie, uniq_menkaure
D:8:      layout_basic, minmay_lair_entry_grove,
          ploomutoo_gammafunk_ghost_potion_laboratory, minmay_lizard_king,
          uniq_harold, uniq_grum
D:9:      layout_loops_ring, orc_david_3, lightli_fourway_metalbox
D:10:     gammafunk_beogh_shrine, layout_rooms, ebering_ghost_disaster_area
D:11:     layout_basic, grunt_ministairs_12, uniq_psyche
D:12:     layout_loops_ring, gauntlet_entry_generic, kennysheep_generic_room_3,
          uniq_fannar
D:13:     minmay_statue_hallways, layout_loops_corners,
          hangedman_vaults_entry_quadrant_bands
D:14:     nzn_winding_woodlands_cross [nzn_winding_woodlands_5x15_longhouse,
          nzn_winding_woodlands_5x15_twine, nzn_winding_woodlands_5x15_garden,
          nzn_winding_woodlands_5x15_river_crossing,
          nzn_winding_woodlands_15x15_thick_spiral], layout_rooms,
          kennysheep_generic_room_14
D:15:     hangedman_depths_entry_try_elsewhere_first, layout_irregular_city,
          uniq_agnes
Temple:   mainiacjoe_temple_trianglar_array
Lair:1:   layout_chaotic_city
Lair:2:   layout_gridlike, spider_nest_entry_webs, basic_altar,
          grunt_megastairs_3, infiniplex_staircase_pool_2, lemuel_fruit_tree
Lair:3:   lemuel_ratsnest, layout_chaotic_city, minmay_shoals_entry_beasts,
          serial_bayou_shore_a, grunt_megastairs_5
Lair:4:   layout_roguey, serial_bayou_ford_a, minivault_27,
          cheibrodos_lair_caveside_slide, uniq_snorg, uniq_josephine
Lair:5:   layout_regular_city, lemuel_fruit_fields, uniq_sonja
Lair:6:   hangedman_lair_caniforms_friends, layout_misc_corridors, wormcave,
          slime_altar_1, st_stairs_7, minivault_11
Shoals:1: layout_shoals, nzn_prometheus_bound, uniq_kirke, uniq_frances
Shoals:2: layout_shoals, uniq_ilsuiw
Shoals:3: layout_shoals, serial_shops, shop, nicolae_shop_gadgets, uniq_louise
Shoals:4: shoals_end_hangedman, layout_shoals
Spider:1: layout_spider_delve
Spider:2: cheibrodos_spider_silkery, nicolae_spider_cling_halls, uniq_nikola
Spider:3: layout_spider_delve, nicolae_arachne_temple, uniq_arachne
Spider:4: grunt_spider_rune_parallel, uniq_aizul
Slime:1:  layout_caves
Slime:2:  cheibrodos_slime_lost_civilization_10, layout_caves
Slime:3:  layout_caves
Slime:4:  layout_caves
Slime:5
Orc:1:    layout_caves, serial_shops, shop
Orc:2:    st_orc_congregation, layout_diamond_mine, serial_shops, shop_statue,
          nicolae_shop_temple_entry_statues_fountains, nicolae_shop_crystal
Elf:1:    minmay_elf_arrival_summoners, layout_loops_corners, serial_aquarium,
          aquarium_bridge_square [aquarium_subvault_bridge,
          aquarium_subvault_window, aquarium_subvault_bridge,
          aquarium_subvault_balcony], aquarium_bridge_square
          [aquarium_subvault_bridge, aquarium_subvault_bridge,
          aquarium_subvault_bridge, aquarium_subvault_wall],
          aquarium_window_fake, aquarium_window_1, aquarium_view_2f,
          aquarium_view_2c, hangedman_elven_crosses_minicolossus
Elf:2:    elven_hall_of_blades_hangedman_alternative
          [infiniplex_blade_entry_pillars], layout_gridlike, basic_altar,
          ebering_ghost_disaster_area
Elf:3:    minmay_elf_hall_not_hex, layout_onion_city, serial_shops, shop,
          st_stairs_11, minmay_elf_sorcery
Vaults:1: serial_ice_g, vaults_room_semicircle, v_misc_27, v_pattern_3,
          ontoclasm_vaults_twist, layout_vaults_omnigrid, serial_shops,
          bzr_entry_dummy
Vaults:2: blue_anna_dwarven_crypt, v_alt_pattern_4, ontoclasm_vaults_hangar,
          nicolae_vaults_rhombus_6, vaults_dpeg_spiral,
          vaults_mumra_chevron_long, nicolae_vaults_rhombus_6,
          vaults_dpeg_encased_lava, dpeg_vaults_waves, v_pattern_5,
          vaults_room_grunt_arrival_ludios, grunt_vaults_hallway_long,
          vaults_room_stairs_pillars, layout_vaults_maze_bifur, serial_shops,
          shop
Vaults:3: v_misc_28, nicolae_vaults_big_ls, hangedman_vaults_slice,
          hangedman_vaults_corner_blocks, vaults_room_large_hall,
          hangedman_vaults_hat, nicolae_vaults_network_quincunx
          [nicolae_vaults_network_quincunx_subvault,
          nicolae_vaults_network_quincunx_subvault,
          nicolae_vaults_network_quincunx_subvault,
          nicolae_vaults_network_quincunx_subvault,
          nicolae_vaults_network_quincunx_subvault], v_misc_3,
          nicolae_vaults_big_angled_halls, nicolae_vaults_little_squares_3,
          layout_vaults_omnicross
Vaults:4: advil_vaults_ghost_guards, v_misc_19, hangedman_vaults_snaps,
          hangedman_vaults_slither, hangedman_vaults_stitches,
          nicolae_vaults_alarming, grunt_vaults_focal,
          nicolae_vaults_ring_of_whatevers, vaults_room_semicircle, v_misc_18,
          vaults_room_octagon, nicolae_vaults_network_square,
          nicolae_vaults_little_squares_5, vaults_dpeg_hooks,
          nicolae_vaults_shelves_hall, layout_vaults_omnibox, uniq_mara,
          uniq_jory
Vaults:5
Crypt:1:  layout_chaotic_city, grunt_crypt_arrival_guarded_gate,
          roderic_lattice_octagonal_star
Crypt:2:  layout_misc_corridors, basic_altar, grunt_megastairs_2
Crypt:3:  quadcrypt_mu
Depths:1: layout_gridville, enter_ziggurat_b, hellmouth_3, abyss_entry,
          nicolae_vehumet_altar_sigil, kennysheep_generic_room_11,
          firewood_loft, minmay_shoptagon
Depths:2: minmay_polygon_palace, layout_basic, rand_demon_pan_entry_8,
          pf_hell_entry_tar_spiral, abyss_entry_small_statue_room,
          tso_metal_star, minmay_staircase_bubble
Depths:3: regret_index_dithmenos_brocken_genspenst, layout_basic, pan_entry,
          grunt_hell_entry_dis_old, abyss_entry, interstate_on_off,
          minmay_door_square, minmay_shop_star, uniq_mennas, uniq_saint_roka,
          uniq_margery
Depths:4: evilmike_zot_entry_gauntlet, layout_gridlike,
          nicolae_ru_path_of_blood, lightli_too_deep,
          nicolae_abyss_entry_one_way_or_another, minmay_mirror_moons_of_madness
Zot:1:    grunt_zot_stairs_faceoff, layout_gridlike
Zot:2:    layout_twisted_circle, lemuel_flame_loot_1
Zot:3:    layout_misc_corridors
Zot:4:    hangedman_zot_vaults_quadrants, layout_onion, skrybe_zot_glass_2,
          uniq_tiamat
Zot:5:    layout_basic, st_stairs_9, grunt_ministairs_14

Skill      XL: |  1  2  3  4  5  6  7  8  9 10 11 12 13 14 15 16 17 18 19 20 21 22 23 24 25 26 27 |
---------------+----------------------------------------------------------------------------------+-----
Axes           | 3 5 7 9 10 13 16 17 18 | 18.0
Fighting       | 4 5 6 9 11 13 15 16 18 20 21 22 23 25 26 | 26.0
Armour         | 4 6 8 10 12 14 16 18 19 21 23 26 | 26.0
Shields        | 4 5 13 17 20 23 24 25 26 | 26.0
Dodging        | 1 2 4 9 |  9.5
Invocations    | 3 5 9 11 13 15 16 18 20 22 23 27 | 27.0
Evocations     | 5 7 8 9 13 | 13.4

Action                   |  1- 3 |  4- 6 |  7- 9 | 10-12 | 13-15 | 16-18 | 19-21 | 22-24 | 25-27 || total
-------------------------+-------+-------+-------+-------+-------+-------+-------+-------+-------++-------
Melee: War axe           |   100 |   139 |   290 |       |       |       |       |       |       ||   529
       Unarmed           |       |       |     1 |       |       |       |       |       |       ||     1
       Broad axe         |       |       |    11 |   560 |   910 |   939 |  1511 |  1867 |  1996 ||  7794
       Kick              |       |       |       |       |       |       |       |       |    54 ||    54
Throw: Throwing net      |       |     1 |     1 |       |       |       |       |       |       ||     2
       Dart              |       |       |    14 |     5 |     2 |       |     4 |       |       ||    25
Invok: Convert to Beogh  |       |     1 |       |       |       |       |       |       |       ||     1
       Smiting           |       |       |       |    12 |    25 |    17 |    24 |       |       ||    78
       Recall Orcish Fol |       |       |       |     1 |    12 |    10 |    10 |       |       ||    33
       Stop Recall       |       |       |       |       |     8 |     3 |       |       |       ||    11
       Give Item to Name |       |       |       |       |     4 |     1 |       |       |       ||     5
       Renounce Religion |       |       |       |       |       |       |     1 |       |       ||     1
       Trog's Hand       |       |       |       |       |       |       |       |    16 |    16 ||    32
       Brothers in Arms  |       |       |       |       |       |       |       |     2 |     1 ||     3
       Berserk           |       |       |       |       |       |       |       |       |     1 ||     1
  Use: Scroll            |       |       |     7 |     9 |    14 |    12 |    10 |     8 |    17 ||    77
       Potion            |       |       |     1 |     7 |     8 |     3 |    19 |     8 |     9 ||    55
 Stab: Paralysed         |       |       |       |     3 |     1 |       |       |       |       ||     4
       Distracted        |       |       |       |     2 |     6 |     6 |     2 |     1 |     2 ||    19
       Invisible         |       |       |       |       |     3 |       |       |       |       ||     3
       Confused          |       |       |       |       |       |       |       |       |     1 ||     1
Armor: Scale mail        |    56 |    28 |       |       |       |       |       |       |       ||    84
       Ring mail         |       |    42 |   118 |       |       |       |       |       |       ||   160
       Plate armour      |       |       |    10 |   247 |   315 |       |       |       |       ||   572
       Gold dragon scale |       |       |       |       |   105 |   351 |   589 |   431 |   867 ||  2343
Dodge: Dodged            |    38 |    60 |   132 |   166 |   175 |    78 |   180 |   170 |   341 ||  1340
Block: Buckler           |     9 |    33 |    70 |   101 |   112 |       |       |       |       ||   325
       Tower shield      |       |       |       |       |   475 |  1175 |  1868 |  1764 |  2531 ||  7813
